 Dungeon Crawl Stone Soup version 0.25.0-26-g0c896c7088 (webtiles) character file.

Game seed: 15211178037773838768

7 Descartes the Sneak (level 1, -2/11 HPs)
             Began as a Spriggan Wanderer on July 5, 2020.
             Slain by a goblin
             ... wielding a +0 club
              (4 damage)
             ... on level 1 of the Dungeon.
             The game lasted 00:01:39 (656 turns).

Descartes the Sneak (Spriggan Wanderer)              Turns: 656, Time: 00:01:40

Health: -2/11      AC:  2    Str:  7    XL:     1   Next: 83%
Magic:  5/5        EV: 17    Int: 12    God:
Gold:   7          SH:  0    Dex: 17    Spells: 5/5 levels left

rFire    . . .     SeeInvis +   a - +2 dagger
rCold    . . .     Gourm    .   (shield restricted)
rNeg     . . .     Faith    .   e - +0 robe
rPois    .         Spirit   .   (helmet restricted)
rElec    .         Reflect  .   (no cloak)
rCorr    .         Harm     .   (gloves unavailable)
MR       .....                  (boots unavailable)
Stlth    +++.......             (no amulet)
HPRegen  0.03/turn              (no ring)
MPRegen  0.09/turn              (no ring)

@: very quick
A: very small, unfitting armour, see invisible, herbivore, speed 3, slow
metabolism 2
a: no special abilities


You were on level 1 of the Dungeon.
You were not hungry.

You visited 1 branch of the dungeon, and saw 1 of its levels.

You collected 7 gold pieces.

Inventory:

Hand Weapons
 a - a +2 dagger (weapon)
Missiles
 g - 29 stones (quivered)
Armour
 e - a +0 robe (worn)
Scrolls
 d - a scroll of remove curse {unknown}
 h - a scroll of identify {unknown}
 i - a scroll of amnesia {unknown}
Potions
 b - a potion of haste
 c - a potion of lignification
Comestibles
 f - 2 rations


   Skills:
 - Level 2.4 Fighting
 + Level 0.8 Short Blades
 + Level 2.1 Dodging
 + Level 3.3 Stealth
 - Level 2.6 Spellcasting
   Level 1.0 Poison Magic
   Level 1.3 Evocations


You had 5 spell levels left.
You didn't know any spells.
Your spell library was empty.

Dungeon Overview and Level Annotations

Branches:
Dungeon (1/15)

Altars:


Innate Abilities, Weirdness & Mutations

You are very small and have problems with some larger weapons.
You are too small for most types of armour.
You have supernaturally acute eyesight. (SInv)
You are a herbivore.
You cover ground extremely quickly.
You need to consume almost no food.


Message History

A goblin comes into view. It is wielding a +0 club.
The goblin shouts!
The kobold hits you with a +0 club.
You hit the kobold but do no damage.
A rat comes into view.
The kobold misses you.
You hit the kobold but do no damage. The kobold closely misses you.
You hit the kobold.
The kobold is moderately wounded.
The kobold closely misses you.
You barely miss the kobold.
A giant cockroach comes into view.
The kobold hits you with a +0 club.
You are too injured to fight recklessly!
The kobold misses you.
Unknown command.
You barely miss the goblin. The goblin hits you with a +0 club.
* * * LOW HITPOINT WARNING * * *
You closely miss the goblin. The goblin hits you with a +0 club.
You die...

......######........#.#.#.####
......# #.#####..#.#.#.######
......## #.# #....#.........
.#####.#####.#####......#.######
.# #................#........ ##
#.#####.#######..#.#.##### #.#
#.# ##.#(#.# #.#
##.########.#.#.##### #.#
#.....@gKr........... #.#
#.##########..#.#####
######.####..### .......#
.......##......# #.......#
#########..#.### #.......#
#......# #.......# #......#
#.......# ##.#.### #...s...#
#......#


You could see a goblin, a kobold and a rat.

Vanquished Creatures
  2 bats (D:1)
  2 jackals (D:1)
  A frilled lizard (D:1)
  A kobold (D:1)
6 creatures vanquished.

Notes
Turn   | Place    | Note
-------+----------+-------------------------------------------
     0 | D:1      | Descartes the Spriggan Wanderer began the quest for the
                  | Orb.
     0 | D:1      | Descartes set off with the following items: a +2 dagger, a
                  | potion of haste, a potion of lignification, a +0 spear, a
                  | +0 robe, a ration
     0 | D:1      | Reached XP level 1. HP: 11/11 MP: 5/5
   656 | D:1      | Slain by a goblin

Illustrated notes

Levels and vault maps discovered:
D:1:      dpeg_arrival_ternary, layout_basic

Skill      XL: |  1 |
---------------+----+-----
Dodging        | 2 |  2.1
Fighting       | |  2.4
Short Blades   | |  0.8
Stealth        | |  3.3
Spellcasting   | |  2.6
Poison Magic   | |  1.0
Evocations     | |  1.3

Action                   || total
-------------------------++-------
Melee: Dagger            ||    27
 Stab: Sleeping          ||     2
Armor: Robe              ||     3
Dodge: Dodged            ||    23
